AoeStats
← davis

Coastal Forest

510840264Analyzed
2v2 RM · 18h ago on Oct 2, 2026· 55m 26s· 4 players
Game mode
Random Map
Map size
Medium (4 player)
Population
200
Speed
Normal
Resources
Standard
Victory
Conquest
Starting age
Dark Age
Ending age
Imperial Age
RankedLock teamsTeams togetherTeam positionsShared explorationLock speedFull tech treeHidden civsTurbo modeCheats
Victory
Defeat
🇹🇷 Burgundians · Türkiye
944
+16
🇨🇭 Teutons · Switzerland
922
+16
🇦🇷 Varangians · Argentina
939
-16
🇦🇷 Italians · Argentina
932
-16
eerc
5:47 Loom
7:51 Double-Bit Axe
12:02 Feudal Age
18:53 Castle Age
18:14 Bow Saw
17:51 Horse Collar
23:45 Scale Barding Armor
23:45 Cavalier
24:46 Husbandry
28:22 Gold Mining
34:23 Chain Barding Armor
38:52 Imperial Age
40:37 Light Cavalry
42:04 Elite Skirmisher
43:36 Paladin
45:39 Plate Barding Armor
46:48 Hussar
47:51 Fletching
48:02 Padded Archer Armor
49:16 Two-Man Saw
48:53 Wheelbarrow
49:01 Forging
51:13 Chemistry
50:34 Ballistics
55:33 Bodkin Arrow
M44281
1:26 Loom
12:08 Feudal Age
13:22 Double-Bit Axe
13:34 Horse Collar
21:37 Castle Age
20:55 Town Watch
21:42 Crossbowman
27:18 Padded Archer Armor
27:05 Pikeman
29:29 Scale Barding Armor
29:59 Forging
32:41 Iron Casting
34:27 Chain Barding Armor
34:21 Bloodlines
34:29 Elite Skirmisher
51:33 Imperial Age
50:16 Scale Mail Armor
davis
5:45 Loom
10:24 Feudal Age
11:41 Double-Bit Axe
12:21 Fletching
14:36 Gold Mining
22:34 Castle Age
20:32 Stone Mining
20:28 Horse Collar
23:05 Crossbowman
23:44 Bodkin Arrow
28:35 Thumb Ring
29:12 Ballistics
29:10 Bow Saw
29:31 Padded Archer Armor
32:00 Leather Archer Armor
35:54 Pikeman
44:42 Imperial Age
mariano34355
8:40 Loom
10:35 Feudal Age
10:09 Loom
11:39 Double-Bit Axe
23:46 Castle Age
24:12 Forging
24:08 Scale Barding Armor
24:58 Elite Skirmisher
38:38 Imperial Age
40:25 Iron Casting
41:38 Cavalier
Connection lost

Rejoining the realm…

Still unreachable

The connection could not be restored.

Session expired

The server has moved on; the page needs a fresh start.